AoeStats
← BALA

African Clearing

510819120Analyzed
4v4 RM · 21h ago on Oct 2, 2026· 59m 3s· 8 players
Game mode
Random Map
Map size
Large (8 player)
Population
200
Speed
Normal
Resources
Standard
Victory
Conquest
Starting age
Dark Age
Ending age
Imperial Age
RankedLock teamsTeams togetherTeam positionsShared explorationLock speedFull tech treeHidden civsTurbo modeCheats
Victory
Defeat
1318
+17
🇩🇪 Saxons · Germany
1300
+18
1286
+18
🇹🇷 Mongols · Türkiye
1282
+19
🇮🇳 Mongols · India
1433
-22
🇮🇳 Persians · India
1380
-20
🇮🇳 Koreans · India
1316
-17
🇮🇳 Celts · India
1228
-13
[Sacred Fart] Turk Turkelton
5:37 Loom
9:00 Loom
12:58 Feudal Age
13:24 Town Watch
14:29 Double-Bit Axe
15:53 Horse Collar
16:54 Wheelbarrow
20:10 Castle Age
29:03 Redemption
33:39 Sanctity
33:54 Fervor
37:16 Hand Cart
43:05 Imperial Age
44:13 Block Printing
45:05 Theocracy
46:07 Illumination
49:46 Conscription
50:44 Scale Mail Armor
52:26 Chain Mail Armor
52:23 Forging
52:32 Siege Engineers
53:48 Plate Mail Armor
53:40 Elite Temple Guard
54:21 Squires
Сергей Петрович
7:03 Loom
14:46 Feudal Age
16:23 Double-Bit Axe
16:33 Double-Bit Axe
19:12 Castle Age
17:33 Stone Mining
21:07 Wheelbarrow
21:33 Stone Shaft Mining
20:50 Gold Mining
26:01 Fletching
27:26 Bodkin Arrow
28:09 Padded Archer Armor
29:38 Hand Cart
29:53 Leather Archer Armor
30:54 Ballistics
40:25 Horse Collar
40:59 Bow Saw
41:09 Bloodlines
41:00 Husbandry
44:40 Imperial Age
44:54 Elite Camel Archer
45:36 Bracer
46:06 Ring Archer Armor
46:55 Conscription
48:17 Chemistry
47:47 Light Cavalry
49:29 Scale Barding Armor
49:35 Forging
49:04 Hussar
51:08 Chain Barding Armor
52:16 Iron Casting
52:40 Plate Barding Armor
54:20 Thumb Ring
58:06 Stone Shaft Mining
[Sacred Fart] Mr. Bober
9:47 Loom
11:51 Feudal Age
12:59 Town Watch
19:04 Man-at-Arms
25:55 Castle Age
26:03 Fletching
30:21 Wheelbarrow
29:37 Double-Bit Axe
29:35 Horse Collar
30:27 Heavy Plow
31:24 Town Patrol
31:34 Scale Barding Armor
31:32 Scale Mail Armor
31:42 Forging
30:55 Long Swordsman
31:21 Gambesons
31:38 Squires
31:24 Arson
36:02 Chain Mail Armor
36:22 Iron Casting
42:02 Bodkin Arrow
42:20 Gold Mining
42:28 Pikeman
43:01 Pikeman
45:15 Hand Cart
46:44 Fortified Wall
47:36 Guard Tower
51:14 Imperial Age
52:44 Halberdier
52:46 Elite Varangian Guard
57:46 Two-Handed Swordsman
58:11 Shield Wall
59:13 Conscription
HasNicktir
9:00 Loom
13:39 Feudal Age
17:53 Castle Age
15:50 Double-Bit Axe
19:06 Bow Saw
23:19 Horse Collar
27:51 Wheelbarrow
28:05 Gold Mining
29:18 Thumb Ring
29:24 Fletching
30:18 Bow Saw
30:09 Heavy Plow
30:49 Husbandry
35:38 Imperial Age
33:55 Hand Cart
33:39 Stone Mining
35:11 Bodkin Arrow
35:39 Ballistics
36:35 Bracer
36:35 Padded Archer Armor
37:43 Chemistry
37:29 Stone Shaft Mining
37:29 Gold Shaft Mining
38:00 Bloodlines
39:15 Elite Mangudai
41:29 Gold Shaft Mining
41:29 Drill
41:20 Capped Ram
42:38 Siege Ram
57:07 Coinage
Vikky_[_X_]_Martel
6:46 Loom
16:13 Feudal Age
21:13 Castle Age
20:53 Double-Bit Axe
21:02 Gold Mining
38:54 Fletching
Oru_Tamizhan
7:58 Loom
15:08 Feudal Age
15:37 Town Watch
19:09 Double-Bit Axe
19:16 Stone Mining
19:19 Gold Mining
26:53 Castle Age
25:58 Fletching
27:38 Bodkin Arrow
39:06 Wheelbarrow
43:55 Stone Mining
45:13 Masonry
44:44 Treadmill Crane
47:36 Ballistics
50:28 Hand Cart
54:20 Hand Cart
BALA
4:00 Loom
13:18 Feudal Age
18:10 Castle Age
16:04 Double-Bit Axe
16:12 Gold Mining
17:31 Horse Collar
18:03 Fletching
19:00 Bodkin Arrow
20:18 Padded Archer Armor
23:43 Wheelbarrow
26:42 Thumb Ring
27:31 Leather Archer Armor
28:21 Gold Shaft Mining
27:52 Heavy Plow
28:29 Bow Saw
31:42 Hand Cart
33:58 Ballistics
37:28 Imperial Age
37:06 Bloodlines
36:57 Husbandry
37:13 Light Cavalry
38:48 Conscription
40:23 Bracer
41:10 Scale Barding Armor
43:53 Chain Barding Armor
43:41 Hussar
45:13 Parthian Tactics
45:23 Drill
45:04 Town Watch
46:31 Chemistry
46:53 Capped Ram
47:50 Forging
49:15 Iron Casting
49:39 Elite Skirmisher
51:33 Elite Steppe Lancer
56:43 Blast Furnace
56:16 Town Patrol
56:55 Scale Mail Armor
Eby
11:52 Feudal Age
10:08 Loom
12:32 Double-Bit Axe
15:35 Scale Barding Armor
17:20 Wheelbarrow
27:49 Town Watch
31:06 Castle Age
29:10 Horse Collar
29:44 Gold Mining
30:24 Stone Mining
32:32 Bow Saw
33:46 Heavy Plow
37:52 Bloodlines
37:43 Husbandry
44:28 Imperial Age
44:07 Cavalier
45:40 Conscription
47:39 Chain Barding Armor
47:15 Fletching
47:17 Elite Skirmisher
49:07 Plate Barding Armor
50:57 Bodkin Arrow
52:17 Savar
56:01 Forging
55:54 Padded Archer Armor
57:57 Iron Casting
56:44 Light Cavalry
Connection lost

Rejoining the realm…

Still unreachable

The connection could not be restored.

Session expired

The server has moved on; the page needs a fresh start.